woodfighter, chaotic female elven Rogue ----- ---- |...-----..--- ------- |``.`..`.....| ----|.....|-- --..`.`..|....| |...+.....+.| |....`..`|....| |^--|.....|-| |.`...`..|....| |^| |..(..+.| |---.------.---- |^| |.....|-| |.`.``..|.`.`..| |^| |.....+.| |..`...`|.`.``.| |^| |.....|-- |.``.`....``...| |^| ------- |.`...``|.`m`.-- |^| |...`...|..@`.| |^| -->--------...| |^| --^| ----- |^| |.^----------------^| |..^^^^^^^^^^^^^^^..| ------------------..| ---- woodfighter the Rogue Experience level: 6 Strength: 15 Dexterity: 19 Constitution: 16 Intelligence: 13 Wisdom: 9 Charisma: 8 Health: 0(41) Energy: 30(30) Def: 9 Gold: 0 Moves: 5474 Dungeon seed: 36h-hMUeYEnmj5bA Game ID: woodfighter_1511447954 Your Inventory: Weapons v - 15 +0 elven daggers (in quiver) E - the +0 Werebane (weapon in hand) Armor e - an uncursed +0 pair of gauntlets of dexterity (being worn) n - an uncursed +0 orcish helm (being worn) z - an uncursed +0 mummy wrapping (being worn) I - an uncursed +0 elven shield (being worn) J - an uncursed +0 pair of elven boots (being worn) N - a cursed -1 pair of gauntlets of fumbling Y - an uncursed +0 elven mithril-coat (being worn) Comestibles i - 3 uncursed food rations r - 5 uncursed tripe rations x - an uncursed tin of gray ooze C - an uncursed apple K - 3 uncursed lembas wafers M - an uncursed tin of spinach Wands f - a wand of make invisible (0:1) h - a wand of opening (0:3) m - a wand of create monster (0:10) t - a wand of locking (0:7) u - a wand of make invisible (0:5) A - a wand of cancellation (0:8) B - a wand of digging (0:6) Q - a wand of sleep (0:7) Tools g - an uncursed blindfold s - an uncursed bag of holding w - an uncursed magic whistle y - an uncursed lock pick Contents of the bag of holding: 8 uncursed food rations a [uncursed] scroll of confuse monster a cursed ring of cold resistance a cursed ring of free action a [uncursed] ring of free action a cursed [-1] ring of gain constitution a cursed ring of polymorph control a [cursed] [-2] ring of protection Spells and supernatural/magical abilities: Name Level Category Fail Memory W - pray for help -- divine ? -- Your skills at the end: Miscellaneous Skills wands [Basic] Weapon Skills dagger [Basic] short sword [Basic] saber [Basic] Spellcasting Skills Final Attributes: You were piously aligned. You were sleep resistant. You were poison resistant. Your writing hand was ok. You had infravision. You were visible. You were stealthy. You were held by a giant mimic. You are dead. Vanquished creatures: a giant beetle a dingo a housecat 2 imps a wood nymph a rock mole 2 rock piercers 3 fog clouds a violet fungus a gnome lord a kobold mummy 3 red naga hatchlings 2 guardian naga hatchlings a gray ooze 5 giant ants 2 puppies a kitten a dwarf 4 iguanas 4 hill orcs a rothe a rabid rat a centipede 3 jitterbugs a monkey 2 dwarf zombies 4 coyotes 3 gas spores 3 hobbits an acid blob 4 geckos a hobgoblin 2 giant rats 5 cave spiders a yellow mold a green mold a red mold 3 garter snakes 13 manes a gnome zombie 14 jackals 2 foxes a kobold 5 newts 3 goblins a sewer rat 6 grid bugs 2 bats 4 lichens a kobold zombie 129 creatures vanquished. Voluntary challenges: You did not adorn yourself with jewelry or accessories. You did not cause conflict. You did not have reflection. You were not displaced. You used a wielded weapon 189 times, starting on turn 1. You did not apply a unicorn horn. You did not use plumbed fixtures. You did not drink any magical draughts. You read items or engraved 4 times, starting on turn 3269. You never genocided any monsters. You never polymorphed an object. You never changed form. You used no wishes. You never split a pudding. You never wrote Elbereth's name. You never violated your personal moral code. Dungeon overview: The Dungeons of Doom: levels 1 to 7 Level 1 some fountains a long staircase Level 2 (vault) a sink Level 3 a fountain Level 4 an armor shop, an altar to Kos stairs to The Gnomish Mines Level 5 many fountains Level 6 stairs to Sokoban Level 7 The Gnomish Mines: Level 5 stairs to The Dungeons of Doom Sokoban: levels 2 to 5 Level 2 <- You were here a magic chest Level 3 Level 4 Level 5 an altar to Kos, a magic chest stairs to The Dungeons of Doom History has recorded: On T:1 you entered the Dungeons of Doom to retrieve the Amulet of Yendor! On T:117 you reached level 2 of The Dungeons of Doom. On T:222 you advanced to experience level 2. On T:425 you reached level 3 of The Dungeons of Doom. On T:575 you advanced to experience level 3. On T:936 you reached level 4 of The Dungeons of Doom. On T:1135 you advanced to experience level 4. On T:1413 you reached level 1 of The Gnomish Mines. On T:1513 you reached level 5 of The Dungeons of Doom. On T:1932 you advanced to experience level 5. On T:2300 you reached level 6 of The Dungeons of Doom. On T:2351 you reached level 4 of Sokoban. On T:2467 you reached level 7 of The Dungeons of Doom. On T:3155 you advanced to experience level 6. On T:3265 you opened a magic chest. On T:3842 you reached level 3 of Sokoban. On T:4405 you reached level 2 of Sokoban. On T:5432 you reached level 1 of Sokoban. Score breakdown: Gold: 0 ( 0 points) Experience: 6 levels ( 500 points) Exploration: 7 levels ( 180 points) Discoveries: 17 items ( 850 points) Variety of kills: 50 monsters ( 2000 points) Major goal: (nothing yet) ( 0 points) Survival: died (score multiplied by 3) Total score: 10590 Latest messages: B - a runed wand. With great effort you move the boulder. You see here an apple. C - an apple. The elven dagger hits the giant mimic. You throw 2 elven daggers. The 1st elven dagger hits the giant mimic. The 2nd elven dagger hits the giant mimic. You throw 2 elven daggers. The 1st elven dagger hits the giant mimic. The 2nd elven dagger hits the giant mimic. v - 5 +0 elven daggers (in quiver). You slash the giant mimic. You slash the giant mimic! With great effort you move the boulder. You see here a tin. M - a tin. Wait! That's a giant mimic! You feel more confident in your weapon skills. You hack the giant mimic. You hack the giant mimic! You slash the giant mimic! The giant mimic claws you! (2x) You die... Final status: Goodbye woodfighter the Rogue, killed by a giant mimic... You died in Sokoban on dungeon level 2 with 10590 points, and 0 pieces of gold, after 5474 moves. You were level 6 with a maximum of 41 hit points when you died.